 Dungeon Crawl Stone Soup version 0.19-a0-1861-g35def1e (webtiles) character file.

58 Anmu the Thaumaturge (level 4, 0/27 HPs)
             Began as an Octopode Wizard on Oct 12, 2016.
             Succumbed to an adder's poison
             ... on level 1 of the Dungeon.
             The game lasted 00:05:57 (1091 turns).

Anmu the Thaumaturge (Octopode Wizard)              Turns: 1091, Time: 00:05:57

Health: 0/27       AC:  1    Str:  6    XL:     4   Next: 1%
Magic:  1/14       EV: 15    Int: 26    God:
Gold:   22         SH:  0    Dex: 10    Spells: 2 memorised, 17 levels left

rFire  . . .     SeeInvis .     i - +0 spear
rCold  . . .     Gourm    .     (no shield)
rNeg   . . .     Faith    .     a - +0 hat
rPois  .         Spirit   .     (no amulet)
rElec  .         Dismiss  .     (no ring)
rCorr  .         Reflect  .     (no ring)
MR     .....     Harm     .     (no ring)
Stlth  +++.......               (no ring)
                                (no ring)
                                (no ring)
                                (no ring)
                                (no ring)

@: brilliant, lethally poisoned (0 -> -8), very slightly contaminated
A: almost no armour, stealthy swim, amphibious, 8 rings, constrict 8, camouflage
1, gelatinous body 1
a: no special abilities


You were on level 1 of the Dungeon.
You were hungry.

You visited 1 branch of the dungeon, and saw 2 of its levels.

You collected 22 gold pieces.

Inventory:

Hand Weapons
 i - a +0 spear (weapon)
Armour
 a - a +0 hat (worn)
 l - a +0 large shield
Scrolls
 d - a scroll of blinking {unknown}
 h - a scroll of noise {unknown}
 j - a scroll of immolation {unknown}
 k - a scroll of teleportation {unknown}
Books
 b - a book of Minor Magic

   Spells                             Type                      Level
   a - Magic Dart                     Conjuration                  1
   b - Blink                          Translocation                2
   c - Call Imp                       Summoning                    2
   d - Repel Missiles                 Charms/Air                   2
   e - Slow                           Hexes                        2
   f - Conjure Flame                  Conjuration/Fire             3
   g - Mephitic Cloud                 Conjuration/Poison/Air       3
Comestibles
 c - 3 bread rations
 f - a slice of pizza


   Skills:
 + Level 6.5 Dodging
 + Level 3.0 Stealth
 + Level 8.6 Spellcasting
 + Level 1.4 Conjurations
 + Level 1.0 Summonings
   Level 1.0 Translocations


You had 17 spell levels left.
You knew the following spells:

 Your Spells              Type           Power        Failure   Level  Hunger
a - Magic Dart            Conj           ####         1%          1    None
b - Call Imp              Summ           ####....     1%          2    None


Dungeon Overview and Level Annotations

Branches:
Dungeon (2/15)

Altars:


Innate Abilities, Weirdness & Mutations

You cannot wear most types of armour.
You are very stealthy in the water. (Stealth+)
You are amphibious.
You can wear up to eight rings at the same time.
You can use your tentacles to constrict eight enemies at once.
Your skin changes colour to match your surroundings (Stealth+).
Your rubbery body absorbs attacks. (AC +1, EV +1)


Message History

The magic dart hits the adder.
The adder is lightly wounded.
* * * LOW HITPOINT WARNING * * *
You feel sick. The adder bites you.
* * * LOW HITPOINT WARNING * * *
You aren't carrying any potions.
You hit the adder but do no damage. Your grab misses the adder.
Your squeeze misses the adder.
The adder is lightly wounded.
The adder bites you.
* * * LOW HITPOINT WARNING * * *
You are more poisoned.
The adder poisons you! The adder closely misses you.
You miss the adder. Your grab misses the adder.
The adder is lightly wounded.
* * * LOW HITPOINT WARNING * * *
You feel sick. The adder barely misses you.
You barely miss the adder. Your grab misses the adder.
The adder is lightly wounded.
You die...

################.#
#................#
#.##############.##########
#.# #..............# #.#
#.###.#####.#### #.#
#...........# #.#
#.###.####..#
###.##############.####..#
............>..S@........###
###..........#####.#####.#.#
#########...##...........#
#.# #..............#.# #.#
#...##.#.#######.# #.#
#...##.).......#.# #.#
#...##.#.......#.# #.#
#...##.#########.#
####.######...##...........#


You could see an adder.

Vanquished Creatures
  A dart slug (D:1)
  2 leopard geckos
  2 goblins (D:1)
  3 hobgoblins (D:1)
  A jackal (D:1)
  3 kobolds
  2 bats (D:1)
  2 frilled lizards (D:1)
  A rat (D:1)
17 creatures vanquished.

Vanquished Creatures (collateral kills)
  2 jackals (D:1)
2 creatures vanquished.

Grand Total: 19 creatures vanquished

Notes
Turn   | Place    | Note
-------+----------+-------------------------------------------
     0 | D:1      | Anmu the Octopode Wizard began the quest for the Orb.
     0 | D:1      | Reached XP level 1. HP: 11/11 MP: 4/4
   356 | D:1      | Reached XP level 2. HP: 17/17 MP: 1/6
   682 | D:1      | Learned a level 2 spell: Call Imp
  1065 | D:2      | Reached XP level 3. HP: 17/21 MP: 1/7
  1086 | D:1      | Reached skill level 8 in Spellcasting
  1086 | D:1      | Reached XP level 4. HP: 7/27 MP: 1/14
  1090 | D:1      | HP: 1/27 [poisoned by an adder]
  1091 | D:1      | Succumbed to an adder's poison

Vault maps used:
D:1:      lemuel_arrival_cross, st_stairs_3
D:2:      first_bread, ecumenical_altar_2

Skill      XL: |  1  2  3 |
---------------+----------+-----
Stealth        | 3 |  3.0
Dodging        | 6 |  6.5
Spellcasting   | 8 |  8.6
Conjurations   | |  1.4
Summonings     | |  1.0
Translocations | |  1.0

Action                   |  1- 3 |  4- 6 || total
-------------------------+-------+-------++-------
Melee: Unarmed           |     7 |       ||     7
       Spear             |    20 |     3 ||    23
       Constrict         |     6 |       ||     6
       Tentacles         |     4 |       ||     4
 Cast: Magic Dart        |    38 |     1 ||    39
       Call Imp          |     1 |       ||     1
  Use: Potion            |     1 |     1 ||     2
Armor: Skin              |     1 |     1 ||     2
Dodge: Dodged            |    25 |     2 ||    27
